 Dungeon Crawl Stone Soup version 0.28.0-53-g5a82cb258f (webtiles) character file.

Game seed: 2010237632261975974

481 funkygono the Bolt Thrower (level 6, -5/52 HPs)
             Began as a Minotaur Hunter on June 29, 2022.
             Slain by Pikel
             ... wielding a +2 whip of electrocution
              (11 damage)
             ... on level 5 of the Dungeon.
             The game lasted 00:06:23 (3534 turns).

funkygono the Bolt Thrower (Minotaur Hunter)        Turns: 3534, Time: 00:06:23

Health: -5/52      AC:  5    Str: 18    XL:     6   Next: 87%
Magic:  5/5        EV: 11    Int:  8    God:
Gold:   218        SH:  3    Dex: 11    Spells: 5/5 levels left

rFire   . . .      SeeInvis .   a - +0 short sword
rCold   . . .      Faith    .   f - +0 buckler
rNeg    . . .      Spirit   .   c - +0 leather armour
rPois   .          Reflect  .   (helmet restricted)
rElec   .          Harm     .   (no cloak)
rCorr   .          Rampage  .   g - +1 pair of gloves
Will    .....                   (no boots)
Stlth   +.........              r - amulet of regeneration
HPRegen 0.97/turn               (no ring)
MPRegen 0.09/turn               (no ring)

@: mighty
A: horns 2, retaliatory headbutt
a: no special abilities


You were on level 5 of the Dungeon.
You visited 1 branch of the dungeon, and saw 5 of its levels.

You collected 218 gold pieces.

Inventory:

Hand Weapons
 a - a +0 short sword (weapon)
 b - a +2 hand crossbow of venom
 o - a +0 flail
Missiles
 d - 55 bolts
Armour
 c - a +0 leather armour (worn)
 f - a +0 buckler (worn)
 g - a +1 pair of gloves (worn)
 l - the +1 robe "Mojigh" {Rampage rC+ Dex+3 Stlth+}
   (You found it on level 2 of the Dungeon)

   Dex:       It affects your dexterity (+3).
   rC:        It protects you from cold.
   Rampage:   It bestows one free step when moving towards enemies.
   Stlth:     It makes you more stealthy.
Jewellery
 e - an amulet of guardian spirit
 r - an amulet of regeneration (around neck)
Wands
 p - a wand of mindburst (10)
Scrolls
 m - a scroll of enchant armour
 q - a scroll of amnesia {unknown}
Potions
 j - a potion of attraction
 k - a potion of magic {unknown}
 n - a potion of cancellation {unknown}
 u - a potion of lignification {unknown}


   Skills:
 + Level 3.7 Fighting
 + Level 3.1 Short Blades
 + Level 6.4 Crossbows
 + Level 3.2 Armour
 + Level 3.1 Dodging
 + Level 1.5 Stealth
 + Level 1.2 Shields


You had 5 spell levels left.
You didn't know any spells.
Your spell library contained the following spells:

 Spells                   Type           Power      Damage    Failure   Level
 Foxfire                  Conj/Fire      0%         2x1d4     56%         1
 Summon Small Mammal      Summ           0%         N/A       56%         1
 Blink                    Tloc           0%         N/A       71%         2
 Call Canine Familiar     Summ           0%         N/A       91%         3
 Conjure Flame            Conj/Fire      0%         6-21      91%         3
 Inner Flame              Hex/Fire       0%         N/A       91%         3
 Summon Guardian Golem    Hex/Summ       0%         N/A       91%         3
 Flame Wave               Conj/Fire      0%         2d4       100%        4
 Manifold Assault         Tloc           0%         N/A       100%        5
 Conjure Ball Lightning   Conj/Air       0%         3x3d6     100%        6
 Storm Form               Tmut/Air       0%         N/A       100%        7
 Discord                  Hex            0%         N/A       100%        8
 Disjunction              Tloc           0%         N/A       100%        8


Dungeon Overview and Level Annotations

Branches:
Dungeon (5/15)
 Temple: D:4-7

Altars:
Vehumet

Shops:
D:3 =

Annotations:
D:5 Pikel


Innate Abilities, Weirdness & Mutations

You have a pair of horns on your head.
You reflexively headbutt those who attack you in melee.


Message History

Pikel hits you with a +2 whip of electrocution!
You hit Pikel but do no damage. Your headbutt misses Pikel.
Pikel is lightly wounded.
Pikel hits you with a +2 whip of electrocution!
You hit Pikel.
Pikel is moderately wounded.
The lemure looks more healthy.
You block Pikel's attack.
You completely miss Pikel. You headbutt Pikel, but do no damage.
Pikel is moderately wounded.
Pikel barely misses you.
You closely miss Pikel.
Pikel is moderately wounded.
Pikel hits you with a +2 whip of electrocution.
You closely miss Pikel. You headbutt Pikel.
Pikel is moderately wounded.
Pikel barely misses you.
You hit Pikel.
Pikel is moderately wounded.
Pikel hits you with a +2 whip of electrocution.
You hit Pikel.
Pikel is moderately wounded.
Pikel hits you with a +2 whip of electrocution!
* * * LOW HITPOINT WARNING * * *
You feel much better.
Pikel hits you with a +2 whip of electrocution.
You are electrocuted!
You feel very mighty all of a sudden.
Pikel hits you with a +2 whip of electrocution!
* * * LOW HITPOINT WARNING * * *
You hit Pikel.
Pikel is heavily wounded.
Pikel cracks his whip.
Pikel hits you with a +2 whip of electrocution.
* * * LOW HITPOINT WARNING * * *
You puncture Pikel!
Pikel is severely wounded.
Pikel says, "I'm sure the Orcish Mines are around here somewhere..."
Pikel hits you but does no damage.
Pikel hits you with a +2 whip of electrocution!
You die...

##########
#........# ###
#.######.# ..
#.# #.# .# #.#
####.##.#####.
#.#
#....@K5...(..
#.#
#.##.##5##)...
#.###.##.# ...
. #........#
..(..
#####.####
....(). #.#
###.((( #.#
..(. #<# #..
#.#


You could see Pikel and 2 lemures.

Vanquished Creatures
  A necrophage (D:3)
  An ice beast (D:4)
  2 lemures (D:5)
  A phantom (D:3)
  A howler monkey (D:5)
  A jelly (D:4)
  A hound (D:4)
  An orc priest (D:3)
  An orc wizard (D:5)
  2 adders
  8 orcs
  8 endoplasms
  4 giant cockroaches
  5 goblins
  3 hobgoblins
  2 quokkas
  3 ball pythons
  4 bats
  A frilled lizard (D:1)
  2 kobolds
52 creatures vanquished.

Vanquished Creatures (others)
  A plant (D:1)
1 creature vanquished.

Grand Total: 53 creatures vanquished

Notes
Turn   | Place    | Note
-------+----------+-------------------------------------------
     0 | D:1      | funkygono the Minotaur Hunter began the quest for the Orb.
     0 | D:1      | Reached XP level 1. HP: 18/18 MP: 0/0
   378 | D:1      | Reached XP level 2. HP: 25/25 MP: 1/1
   685 | D:1      | Found a faded altar of an unknown god.
   817 | D:1      | Reached skill level 5 in Crossbows
  1091 | D:2      | Reached XP level 3. HP: 30/30 MP: 2/2
  1380 | D:2      | Identified the +1 robe "Mojigh" {Rampage rC+ Dex+3 Stlth+}
  1622 | D:3      | Reached skill level 1 in Armour
  1625 | D:3      | Reached skill level 1 in Stealth
  1811 | D:3      | Noticed a phantom
  1819 | D:3      | Killed a phantom
  1820 | D:3      | Reached skill level 1 in Short Blades
  1820 | D:3      | Reached XP level 4. HP: 32/37 MP: 1/3
  1899 | D:3      | Reached XP level 5. HP: 44/44 MP: 4/4
  1948 | D:3      | Noticed a necrophage
  1966 | D:3      | Killed a necrophage
  2279 | D:3      | Found Jehoh's Jewellery Shoppe.
  2867 | D:4      | Reached skill level 6 in Crossbows
  2867 | D:4      | Reached XP level 6. HP: 51/51 MP: 5/5
  2876 | D:4      | Found a radiant altar of Vehumet.
  3061 | D:4      | Noticed an ice beast
  3068 | D:4      | Killed an ice beast
  3069 | D:4      | Reached skill level 1 in Shields
  3445 | D:5      | Entered Level 5 of the Dungeon
  3509 | D:5      | Noticed Pikel
  3534 | D:5      | Slain by Pikel

Illustrated notes

Levels and vault maps discovered:
D:1:      lightli_arrival_noodles, layout_loops_ring,
          shapermc_ecumenical_altar_ellora
D:2:      layout_loops_ring
D:3:      layout_loops_corners, serial_shops, shop
D:4:      layout_rooms, mainiacjoe_overflow_chevrons
D:5:      layout_loops_corners, gammafunk_ghost_nasty_kobolds,
          uniq_prince_ribbit1, uniq_pikel

Skill      XL: |  1  2  3  4  5  6 |
---------------+-------------------+-----
Crossbows      | 5 6 |  6.4
Armour         | 2 3 |  3.2
Stealth        | 1 |  1.5
Short Blades   | 1 2 3 |  3.1
Fighting       | 3 |  3.7
Dodging        | 3 |  3.1
Shields        | 1 |  1.2

Action                   |  1- 3 |  4- 6 || total
-------------------------+-------+-------++-------
Melee: Short sword       |    31 |    71 ||   102
       Headbutt          |     3 |    10 ||    13
 Fire: Hand crossbow     |    24 |    44 ||    68
  Use: Scroll            |     1 |     9 ||    10
       Potion            |       |     2 ||     2
Armor: Leather armour    |    15 |    14 ||    29
Dodge: Dodged            |    20 |    30 ||    50
Block: Buckler           |     6 |    14 ||    20
